 Dungeon Crawl Stone Soup version 0.27.0-1-g7a089689b8 (webtiles) character file.

Game seed: 13446218358883777796

287 Leibowitz the Poker (level 6, -7/47 HPs)
             Began as a Merfolk Gladiator on Aug 7, 2021.
             Was a Priest of Ru.
             Mangled by an orc priest (8 damage)
             ... on level 3 of the Dungeon.
             The game lasted 00:06:17 (2903 turns).

Leibowitz the Poker (Merfolk Gladiator)             Turns: 2903, Time: 00:06:18

Health: -7/47      AC:  4    Str: 15    XL:     6   Next: 30%
Magic:  6/6        EV: 14    Int:  8    God:    Ru [***...]
Gold:   44         SH:  0    Dex: 16    Spells: 5/5 levels left

rFire    . . .     SeeInvis .   a - +0 trident
rCold    . . .     Faith    .   (shield unavailable)
rNeg     + . .     Spirit   .   b - +0 leather armour
rPois    .         Reflect  .   c - +0 helmet
rElec    .         Harm     .   (no cloak)
rCorr    .         Rampage  .   (no gloves)
Will     .....                  (no boots)
Stlth    +.........             (no amulet)
HPRegen  0.15/turn              (ring unavailable)
MPRegen  0.10/turn              m - ring of positive energy

@: lethally poisoned (-7 -> -15)
A: missing a hand, (nimble swimmer 2), mertail
a: Renounce Religion, Draw Out Power


You were on level 3 of the Dungeon.
You worshipped Ru.
Ru was most pleased with you.
You visited 1 branch of the dungeon, and saw 3 of its levels.

You collected 44 gold pieces.

Inventory:

Hand Weapons
 a - a +0 trident (weapon)
Missiles
 d - 3 throwing nets (quivered)
Armour
 b - a +0 leather armour (worn)
 c - a +0 helmet (worn)
Jewellery
 m - a ring of positive energy (right hand)
Scrolls
 f - a scroll of amnesia {unknown}
 h - a scroll of noise {unknown}
 i - a scroll of enchant armour {unknown}
 k - a scroll of identify {unknown}
 l - a scroll of holy word {unknown}
Potions
 e - a potion of attraction {unknown}
 g - a potion of might {unknown}
 j - a potion of invisibility {unknown}


   Skills:
 * Level 3.3 Fighting
 * Level 7.7 Polearms
 - Level 2.0 Throwing
 + Level 1.2 Armour
 * Level 5.5 Dodging


You had 5 spell levels left.
You didn't know any spells.
Your spell library contained the following spells:

 Spells                   Type           Power      Damage    Failure   Level
 Frozen Ramparts          Ice            0%         1d2       85%         3
 Ice Form                 Ice/Tmut       0%         N/A       99%         4
 Summon Ice Beast         Ice/Summ       0%         N/A       99%         4


Dungeon Overview and Level Annotations

Branches:
Dungeon (3/15)

Altars:
Ru
Sif Muna

Shops:
D:3 *


Innate Abilities, Weirdness & Mutations

You are missing a hand.
((You are quick and stealthy near water. (Stealth+, EV+, Speed+++)))
Your lower body shifts to a powerful aquatic tail in water.


Message History

The orc priest casts a cantrip, but nothing happens.
The orc misses you.
You strike the helpless orc from behind!
You hit the orc.
You kill the orc!
The orc priest hits you from afar with a +0 trident.
* * * LOW HITPOINT WARNING * * *
The adder barely misses you.
You closely miss the adder.
The orc priest hits you but does no damage.
The adder barely misses you.
You closely miss the adder.
The orc priest miscasts a cantrip.
The adder bites you but does no damage.
You hit the adder.
The adder is lightly wounded.
The adder closely misses you. The orc priest barely misses you.
You hit the adder but do no damage.
The adder is lightly wounded.
The adder bites you.
* * * LOW HITPOINT WARNING * * *
The orc priest closely misses you.
You hit the adder.
The adder is severely wounded.
The adder bites you.
* * * LOW HITPOINT WARNING * * *
You are poisoned.
The adder poisons you!
The orc priest hits you from afar with a +0 trident.
* * * LOW HITPOINT WARNING * * *
The adder bites you.
* * * LOW HITPOINT WARNING * * *
You are more poisoned.
The adder poisons you!
You puncture the adder!
You kill the adder!
* * * LOW HITPOINT WARNING * * *
You feel very sick.
The orc priest hits you from afar with a +0 trident!
You die...

..# #...........
...#####.#######
#.(..# #.##### .
#....#..∩>.# ..
##.......# ..!
###.....# ....
.........### .....
.####......###o.>...
#....#..@)......
#....#####......
###### ..... ....
... .. .


You could see an orc priest.

Vanquished Creatures
  Jessica (D:3)
  Natasha (thrice) (D:2)
  Terence (D:2)
  An orc wizard (D:3)
  7 adders
  5 worms
  A dart slug (D:1)
  3 orcs (D:3)
  7 bats
  9 endoplasms
  8 giant cockroaches
  6 hobgoblins
  9 jackals
  A quokka (D:1)
  3 ball pythons
  2 frilled lizards
  4 kobolds
71 creatures vanquished.

Vanquished Creatures (others)
  A goblin (D:3)
  A hobgoblin (D:2)
  A kobold (D:3)
3 creatures vanquished.

Grand Total: 74 creatures vanquished

Notes
Turn   | Place    | Note
-------+----------+-------------------------------------------
     0 | D:1      | Leibowitz the Merfolk Gladiator began the quest for the
                  | Orb.
     0 | D:1      | Reached XP level 1. HP: 16/16 MP: 1/1
   132 | D:1      | Reached XP level 2. HP: 17/22 MP: 2/2
   251 | D:1      | Reached skill level 5 in Polearms
   405 | D:1      | Found a faded altar of an unknown god.
   431 | D:1      | Reached XP level 3. HP: 13/28 MP: 3/3
   432 | D:1      | Became a worshipper of Ru the Awakened
   439 | D:1      | Gained mutation: You are missing a hand. [Ru sacrifice]
   439 | D:1      | Reached * piety under Ru
   439 | D:1      | Reached ** piety under Ru
   439 | D:1      | Reached *** piety under Ru
  1158 | D:2      | Noticed Terence
  1181 | D:2      | Killed Terence
  1182 | D:2      | Reached skill level 6 in Polearms
  1182 | D:2      | Reached XP level 4. HP: 34/34 MP: 4/4
  1236 | D:2      | Noticed Natasha
  1258 | D:2      | Killed Natasha
  1262 | D:2      | Reached skill level 5 in Dodging
  1310 | D:2      | Noticed Natasha
  1320 | D:2      | Killed Natasha
  1321 | D:2      | Reached XP level 5. HP: 4/40 MP: 5/5
  1699 | D:2      | Noticed Natasha
  1706 | D:2      | Killed Natasha
  1707 | D:2      | Reached skill level 7 in Polearms
  2608 | D:3      | Reached skill level 1 in Armour
  2708 | D:3      | Reached XP level 6. HP: 47/47 MP: 6/6
  2745 | D:3      | Noticed Jessica
  2750 | D:3      | Killed Jessica
  2774 | D:3      | Found a shimmering blue altar of Sif Muna.
  2867 | D:3      | Found Agufifu Irey's Assorted Antiques.
  2903 | D:3      | HP: 1/47 [poisoned by an adder]
  2903 | D:3      | Mangled by an orc priest

Illustrated notes

Levels and vault maps discovered:
D:1:      saegor_arrival_simple_e, layout_basic,
          hellmonk_ecumenical_altar_arch_garden
D:2:      layout_basic, uniq_natasha, uniq_terence
D:3:      layout_rooms, tgw_sif, serial_shops, shop, minmay_misc_feat_encased,
          lemuel_another_geyser

Skill      XL: |  1  2  3  4  5 |
---------------+----------------+-----
Polearms       | 5 6 7 |  7.7
Dodging        | 5 |  5.5
Fighting       | 3 |  3.3
Armour         | 1 |  1.2
Throwing       | |  2.0

Action                   |  1- 3 |  4- 6 || total
-------------------------+-------+-------++-------
Melee: Trident           |   105 |   154 ||   259
Invok: Sacrifice a Hand  |     1 |       ||     1
  Use: Scroll            |     1 |       ||     1
       Potion            |     1 |       ||     1
 Stab: Distracted        |       |     1 ||     1
       Invisible         |       |     1 ||     1
Armor: Leather armour    |    27 |    35 ||    62
       Skin              |    15 |       ||    15
Dodge: Dodged            |    67 |   109 ||   176
